 Dungeon Crawl Stone Soup version 0.19.5 (webtiles) character file.

1159 JeffiDaFish the Shield-Bearer (level 8, -6/49 HPs)
             Began as a Gargoyle Fighter on Apr 23, 2017.
             Mangled by swiftsword94's ghost (8 damage)
             ... on level 6 of the Dungeon.
             The game lasted 00:07:27 (3827 turns).

JeffiDaFish the Shield-Bearer (Gargoyle Fighter)    Turns: 3827, Time: 00:07:27

Health: -6/49      AC: 22    Str: 20    XL:     8   Next: 39%
Magic:  8/8        EV:  4    Int:  9    God:
Gold:   411        SH: 11    Dex: 11    Spells: 0 memorised, 7 levels left

rFire  . . .     SeeInvis .     a - +1 flail
rCold  . . .     Gourm    .     b - +0 plate armour
rNeg   + . .     Faith    .     c - +1 shield
rPois  ∞         Spirit   .     j - +1 helmet
rElec  +         Reflect  .     r - +0 cloak
rCorr  .         Harm     .     (no gloves)
MR     .....                    n - +0 pair of boots
Stlth  ..........               e - amulet of regeneration
                                (no ring)
                                (no ring)

@: very slightly contaminated, hasted, very quick
A: negative energy resistance 1, electricity resistance, unbreathing,
petrification resistance, rot immunity, AC +5
a: no special abilities


You were on level 6 of the Dungeon.
You were not hungry.

You visited 1 branch of the dungeon, and saw 6 of its levels.

You collected 411 gold pieces.

Inventory:

Hand Weapons
 a - a +1 flail (weapon)
Armour
 b - a +0 plate armour (worn)
 c - a +1 shield (worn)
 j - a +1 helmet (worn)
 n - a +0 pair of boots (worn)
 r - a +0 cloak (worn)
Jewellery
 e - an amulet of regeneration (around neck)
Wands
 d - a wand of teleportation (5/9)
Scrolls
 i - 4 scrolls of identify
 m - 3 scrolls of remove curse
 p - 2 scrolls of teleportation
Potions
 g - a potion of curing
 l - a potion of cancellation
 s - a potion of heal wounds
Comestibles
 f - 5 bread rations
 h - 4 meat rations
 k - a beef jerky


   Skills:
 + Level 5.2 Fighting
 + Level 6.5 Maces & Flails
 + Level 4.8 Armour
 + Level 1.2 Dodging
 + Level 6.5 Shields


You had 7 spell levels left.
You didn't know any spells.

Dungeon Overview and Level Annotations

Branches:
Dungeon (6/15)
 Temple: D:4-7

Altars:
Cheibriados
Elyvilon
Gozag
The Shining One

Shops:
D:4 %

Annotations:
D:6 swiftsword94's ghost, novice FeMo


Innate Abilities, Weirdness & Mutations

You are resistant to torment.
Your stone body is resilient. (AC +5)
You are immune to poison.
You resist negative energy. (rN+)
You are resistant to electric shocks. (rElec)
You can survive without breathing.
You are immune to petrification.
You are immune to rotting.


Message History

You miss swiftsword94's ghost.
Swiftsword94's ghost is moderately damaged.
You block swiftsword94's ghost's attack.
You completely miss swiftsword94's ghost.
Swiftsword94's ghost is moderately damaged.
You block swiftsword94's ghost's attack.
You miss swiftsword94's ghost.
Swiftsword94's ghost is moderately damaged.
You completely miss swiftsword94's ghost.
Swiftsword94's ghost is moderately damaged.
Swiftsword94's ghost hits you!
* * * LOW HITPOINT WARNING * * *
Your plate armour prevents you from hitting swiftsword94's ghost.
Swiftsword94's ghost is moderately damaged.
Swiftsword94's ghost hits you.
* * * LOW HITPOINT WARNING * * *
You completely miss swiftsword94's ghost.
Swiftsword94's ghost is moderately damaged.
Swiftsword94's ghost hits you!
You die...

...
#.................
...
#.................
...
#.....############
... #######.....#
... ............#
... ............#
... ............#
... ............#
... ..?....@....#
...
......W.....'...
...
............#...
..
............#.## #
......####### #
...... ......
......


You could see swiftsword94's ghost.

Vanquished Creatures
  The ghost of McMoop the Cudgeler, an amateur DsGl of Ru (D:4)
  A sky beast (D:6)
  The ghost of HAWKINGL3623 the Skirmisher, an amateur FoAK of Lugonu (D:3)
  2 centaurs (D:5)
  A bullfrog (D:6)
  A quasit (D:5)
  A bullfrog skeleton (D:4)
  An orc wizard (D:4)
  Jessica (D:3)
  Natasha (twice) (D:2)
  6 worker ants
  2 hound skeletons (D:4)
  Robin (D:4)
  8 adders
  3 gnolls (D:3)
  A shadow imp (D:5)
  2 oozes (D:1)
  A worm (D:3)
  2 leopard geckos
  15 orcs
  6 bats
  5 giant cockroaches
  10 hobgoblins
  4 jackals (D:5)
  5 kobolds (D:1)
  2 quokkas
  A ball python skeleton (D:4)
  4 frilled lizards
  13 goblins
  A leopard gecko skeleton (D:5)
  A leopard gecko zombie (D:5)
  7 rats
112 creatures vanquished.

Notes
Turn   | Place    | Note
-------+----------+-------------------------------------------
     0 | D:1      | JeffiDaFish the Gargoyle Fighter began the quest for the Orb.
     0 | D:1      | Reached XP level 1. HP: 14/14 MP: 1/1
   128 | D:1      | Reached XP level 2. HP: 19/19 MP: 2/2
   452 | D:1      | Reached XP level 3. HP: 21/24 MP: 3/3
   629 | D:2      | Noticed Natasha
   643 | D:2      | Killed Natasha
   643 | D:2      | Reached XP level 4. HP: 14/29 MP: 4/4
   861 | D:2      | Found a snail-covered altar of Cheibriados.
  1039 | D:2      | Noticed Natasha
  1047 | D:2      | Killed Natasha
  1047 | D:2      | Reached XP level 5. HP: 25/33 MP: 5/5
  1228 | D:3      | Found a white marble altar of Elyvilon.
  1282 | D:3      | Found an opulent altar of Gozag.
  1440 | D:3      | Noticed HAWKINGL3623's ghost (amateur FoAK)
  1451 | D:3      | Killed HAWKINGL3623's ghost
  1451 | D:3      | Reached XP level 6. HP: 37/39 MP: 6/6
  1520 | D:3      | Noticed Jessica
  1524 | D:3      | Killed Jessica
  1861 | D:4      | Noticed McMoop's ghost (amateur DsGl)
  1885 | D:4      | Killed McMoop's ghost
  1885 | D:4      | Reached skill level 5 in Maces & Flails
  1885 | D:4      | Reached skill level 1 in Dodging
  1885 | D:4      | Reached skill level 5 in Shields
  1885 | D:4      | Reached XP level 7. HP: 22/44 MP: 7/7
  2060 | D:4      | Noticed Robin
  2088 | D:4      | Killed Robin
  2359 | D:4      | Found Utzoz's Food Boutique.
  2698 | D:4      | Reached skill level 5 in Fighting
  2790 | D:5      | Entered Level 5 of the Dungeon
  2870 | D:5      | Found a glowing golden altar of the Shining One.
  3039 | D:5      | Reached XP level 8. HP: 49/49 MP: 8/8
  3754 | D:6      | Noticed swiftsword94's ghost (novice FeMo)
  3826 | D:6      | HP: 1/49 [swiftsword94's ghost (3)]
  3827 | D:6      | Mangled by swiftsword94's ghost

Skill      XL: |  1  2  3  4  5  6  7  8 |
---------------+-------------------------+-----
Fighting       | 4 5 |  5.2
Shields        | 4 5 6 |  6.5
Maces & Flails | 3 5 6 |  6.5
Armour         | 4 |  4.8
Dodging        | 1 |  1.2

Action                   |  1- 3 |  4- 6 |  7- 9 || total
-------------------------+-------+-------+-------++-------
Melee: Flail             |    94 |   145 |   306 ||   545
  Use: Scroll            |     2 |     7 |     2 ||    11
       Potion            |     1 |     7 |     3 ||    11
  Eat: Chunk             |       |     4 |     7 ||    11
Armor: Scale mail        |    60 |    46 |       ||   106
       Chain mail        |       |    21 |     1 ||    22
       Plate armour      |       |       |   290 ||   290
Dodge: Dodged            |    36 |    39 |    44 ||   119
Block: Shield            |    81 |    97 |   220 ||   398
